 Dungeon Crawl Stone Soup version 0.30-b1-2-g02819fbbbe (webtiles) character file.

Game seed: 16280111591025233913

30 Alarkh the Shooter (level 3, 27/27 HPs)
             Began as a Demonspawn Hunter on May 25, 2023.
             Got out of the dungeon alive.
             The game lasted 00:00:33 (441 turns).

Alarkh the Shooter (Demonspawn Hunter)               Turns: 441, Time: 00:00:33

Health: 27/27      AC:  3    Str: 11    XL:     3   Next: 3%
Magic:  3/3        EV: 11    Int: 12    God:
Gold:   9          SH:  0    Dex: 16    Spells: 2/2 levels left

rFire   . . .        a - +0 shortbow
rCold   . . .        (shield currently unavailable)
rNeg    . . .        c - +0 leather armour
rPois   .            (no helmet)
rElec   .            (no cloak)
rCorr   .            (no gloves)
SInv    .            (no boots)
Will    .....        (no amulet)
Stlth   +            (no ring)
HPRegen 0.24/turn    (no ring)
MPRegen 0.08/turn

%: no passive effects
@: no status effects
A: hooves 1, demonic magic 1
a: no special abilities


You escaped.
You visited 1 branch of the dungeon, and saw 1 of its levels.

You collected 9 gold pieces.

Inventory:

Hand Weapons
 a - a +0 shortbow (weapon)
Armour
 c - a +0 leather armour (worn)
Scrolls
 b - a scroll of immolation
 d - a scroll of fog {unknown}
 e - a scroll of poison {unknown}
 f - a scroll of amnesia {unknown}
Potions
 g - a potion of degeneration {unknown}
 h - a potion of heal wounds {unknown}


   Skills:
 - Level 2.0 Fighting
 + Level 4.5 Ranged Weapons
 - Level 1.7 Dodging
 - Level 0.8 Stealth


You had 2 spell levels left.
You didn't know any spells.
Your spell library was empty.

Dungeon Overview and Level Annotations

Branches:
Dungeon (1/15)

Altars:


Innate Abilities, Weirdness & Mutations

You have large cloven feet.
Spells you cast may paralyse adjacent enemies.


Message History

A jackal comes into view.
The jackal barely misses you.
You shoot an arrow. The arrow hits the jackal.
The jackal is heavily wounded.
The jackal bites you but does no damage.
The jackal misses you.
You shoot an arrow. The arrow barely misses the jackal.
The jackal misses you.
You shoot an arrow. The arrow hits the jackal.
You kill the jackal!
You have reached level 3!
Your experience leads to an increase in your attributes!
Increase (S)trength, (I)ntelligence, or (D)exterity?
You feel clever. x2; Your demonic ancestry asserts itself...
Your feet thicken and deform.
You see here a jackal corpse.
You see here a jackal corpse.
You see here 4 stones.
A ball python comes into view.
You shoot an arrow.
The arrow hits the ball python but does no damage.
The ball python hisses angrily.
The ball python bites you. The ball python closely misses you.
You shoot an arrow.
The arrow completely misses the ball python.
The ball python closely misses you. The ball python grabs you.
The ball python constricts you.
You shoot an arrow.
The arrow closely misses the ball python.
The ball python bites you but does no damage.
The ball python constricts you. The ball python misses you.
The ball python constricts you.
You shoot an arrow. The arrow hits the ball python.
You kill the ball python!
No target in view!
Found 12 gold pieces.
There is an open door here.
There is an open door here.
There is a staircase leading out of the dungeon here.
Are you sure you want to leave the Dungeon?
This will make you lose the game!
You have escaped!

....#..........###^.
#.##..##.. ......>###.....#
#.## #'######..
##..#..........#####.###.##
#..
#..#.####...####.#.......##
#.. #..#.# #...#
#...####...####.. †..#.#
#...# ##.### ##....##..
....... .....
#..######..###.#.. ...####
#...####..##....## #.. #..
#@##...##.# #.. ###########
### # ##.# .....# .. . #.#
.# #.. .# ###


There were no monsters in sight!

Vanquished Creatures
  3 dart slugs (D:1)
  An endoplasm (D:1)
  2 giant cockroaches (D:1)
  3 goblins (D:1)
  2 hobgoblins (D:1)
  4 jackals (D:1)
  3 ball pythons (D:1)
  3 bats (D:1)
21 creatures vanquished.

Notes
Turn   | Place    | Note
-------+----------+-------------------------------------------
     0 | D:1      | Alarkh the Demonspawn Hunter began the quest for the Orb.
     0 | D:1      | Reached XP level 1. HP: 16/16 MP: 1/1
   106 | D:1      | Reached skill level 4 in Ranged Weapons
   116 | D:1      | Gained mutation: Spells you cast may paralyse adjacent
                  | enemies. [demonic ancestry]
   116 | D:1      | Reached XP level 2. HP: 22/22 MP: 2/2
   380 | D:1      | Gained mutation: You have large cloven feet. [demonic
                  | ancestry]
   380 | D:1      | Reached XP level 3. HP: 27/27 MP: 3/3
   441 | D:$      | Got out of the dungeon alive.

Illustrated notes

Levels and vault maps discovered:
D:1:      dpeg_arrival_round_a, layout_loops_ring

Skill      XL: |  1 |
---------------+----+-----
Ranged Weapons | 4 |  4.5
Fighting       | |  2.0
Dodging        | |  1.7
Stealth        | |  0.8

Action                     || total
---------------------------++-------
   Fire: Shortbow          ||    58
 Armour: Leather armour    ||    13
  Dodge: Dodged            ||    23
